 Dungeon Crawl Stone Soup version 0.27-a0-1193-g8631133539 (webtiles) character file.

Game seed: 11082176073789314445

25 EnegeticOcto the Magician (level 3, 0/25 HPs)
             Began as a Djinni Earth Elementalist on May 25, 2021.
             Was a Follower of Zin.
             Slain by a kobold
             ... wielding a +0 whip
              (2 damage)
             ... on level 2 of the Dungeon.
             The game lasted 00:02:42 (350 turns).

EnegeticOcto the Magician (DjEE)                     Turns: 350, Time: 00:02:42

Health: 0/25       AC:  2    Str:  7    XL:     3   Next: 20%
Gold:   17         EV: 12    Int: 17    God:    Zin [*.....] SH:  0 Dex: 13

rFire    + + .     SeeInvis .   (no weapon)
rCold    x . .     Faith    .   (no shield)
rNeg     . . .     Spirit   .   c - +0 robe
rPois    ∞         Reflect  .   (no helmet)
rElec    .         Harm     .   (no cloak)
rCorr    .         Rampage  .   (no gloves)
Will     .....                  (boots unavailable)
Stlth    ++........             (no amulet)
HPRegen  0.08/turn              (no ring)
MPRegen  0.00/turn              (no ring)

@: flying
A: sickness immunity, fire resistance 2, cold vulnerability 1, float, innate
caster, hp casting, extra vitality 1
a: Renounce Religion, Recite, Donate Gold


You were on level 2 of the Dungeon.
You worshipped Zin.
Zin was aware of your devotion.
You visited 1 branch of the dungeon, and saw 3 of its levels.

You collected 18 gold pieces.
You donated 1 gold pieces to Zin.

Inventory:

Armour
 c - a +0 robe (worn)
Scrolls
 a - a scroll of amnesia
 d - 4 scrolls of identify {@r1}


   Skills:
 - Level 2.1 Dodging
 - Level 1.5 Stealth
 + Level 3.2 Spellcasting


You couldn't memorise any spells.
You knew the following spells:

 Your Spells              Type           Power      Damage    Failure   Level
a - Sandblast             Erth           26%        2d8       4%          1
b - Stone Arrow           Conj/Erth      26%        3d8       13%         3
c - Petrify               Tmut/Erth      13%        N/A       41%         4
d - Lee's Rapid Deconstr  Erth           6%         3d7*      77%         5
e - Shock                 Conj/Air       52%        1d6       4%          1
p - Passwall              Tmut/Erth      10%        N/A       7%          2
Your spell library was empty.

Dungeon Overview and Level Annotations

Branches:
Dungeon (3/15)

Altars:
Zin


Innate Abilities, Weirdness & Mutations

You are immune to sickness and miasma.
You are immune to poison.
Your flesh is very heat resistant. (rF++)
You are vulnerable to cold. (rC-)
You float through the air rather than walking.
You learn spells naturally, not from books.
Your magical power is your life essence.
You have superior vitality. (+4 HP)


Message History

Casting: Passwall (safe; 7% risk of failure)
Confirm with . or Enter, or press ? or * to list all spells.
Aiming: Sandblast (safe; 4% risk of failure)
Press: ? - help, Shift-Dir - straight line, f - endoplasm
Aim: an endoplasm (98% to hit)
The blast of sand hits the endoplasm!
You kill the endoplasm!
There is a faded altar of an unknown god here.
You cannot tell which god this altar belongs to.
Convert to them anyway?
Zin accepts your prayer! Zin welcomes you!
You pay a tithe of 1 gold.
You can now donate money to Zin.
You can now recite Zin's Axioms of Law.
You reach down and open the door.
There is an open door here.
A frilled lizard comes into view.
Found a scroll of identify.
You reach down and open the door.
A ball python comes into view.
Found a short sword.
There is an open door here.
Casting: Sandblast (safe; 4% risk of failure)
Confirm with . or Enter, or press ? or * to list all spells.
Aiming: Sandblast (safe; 4% risk of failure)
Press: ? - help, Shift-Dir - straight line, f - ball python
Aim: a ball python (77% to hit)
The blast of sand hits the ball python!
You kill the ball python!
d - 4 scrolls of identify {@r1} (gained 1)
A dart slug comes into view.
Casting: Sandblast (safe; 4% risk of failure)
Confirm with . or Enter, or press ? or * to list all spells.
Aiming: Sandblast (safe; 4% risk of failure)
Press: ? - help, Shift-Dir - straight line, f - dart slug
Aim: a dart slug (100% to hit)
The blast of sand hits the dart slug!
The dart slug is severely wounded.
The dart slug bites you.
Casting: Sandblast (safe; 4% risk of failure)
Confirm with . or Enter, or press ? or * to list all spells.
Aiming: Sandblast (safe; 4% risk of failure)
Press: ? - help, Shift-Dir - straight line, f/p - dart slug
Aim: a dart slug (severely wounded, 100% to hit)
The blast of sand hits the dart slug!
You kill the dart slug!
A giant cockroach comes into view.
Casting: Sandblast (safe; 4% risk of failure)
Confirm with . or Enter, or press ? or * to list all spells.
Aiming: Sandblast (safe; 4% risk of failure)
Press: ? - help, Shift-Dir - straight line, f - giant cockroach
Aim: a giant cockroach (79% to hit)
The blast of sand hits the giant cockroach.
The giant cockroach is severely wounded.
You now have no stones remaining.
Casting: Sandblast (safe; 4% risk of failure)
Confirm with . or Enter, or press ? or * to list all spells.
You don't have any stones to cast with.
The giant cockroach barely misses you.
Casting: Sandblast (safe; 4% risk of failure)
Confirm with . or Enter, or press ? or * to list all spells.
You don't have any stones to cast with.
The giant cockroach closely misses you.
Casting: Sandblast (safe; 4% risk of failure)
Confirm with . or Enter, or press ? or * to list all spells.
You don't have any stones to cast with.
Casting: Sandblast (safe; 4% risk of failure)
Confirm with . or Enter, or press ? or * to list all spells.
You don't have any stones to cast with.
A kobold comes into view. It is wielding a +0 whip.
The giant cockroach bites you.
Casting: Sandblast (safe; 4% risk of failure)
Confirm with . or Enter, or press ? or * to list all spells.
You don't have any stones to cast with.
A bat comes into view.
The bat moves out of view.
The giant cockroach bites you.
A frilled lizard comes into view.
The frilled lizard hisses angrily.
The giant cockroach bites you. The frilled lizard closely misses you.
The giant cockroach bites you. The frilled lizard bites you.
* * * LOW HITPOINT WARNING * * *
The giant cockroach barely misses you. The giant cockroach bites you.
* * * LOW HITPOINT WARNING * * *
The frilled lizard bites you.
* * * LOW HITPOINT WARNING * * *
The giant cockroach closely misses you.
The frilled lizard bites you but does no damage.
The giant cockroach barely misses you. The frilled lizard misses you.
The kobold throws a stone.
The stone closely misses you. The giant cockroach bites you.
* * * LOW HITPOINT WARNING * * *
The frilled lizard bites you.
* * * LOW HITPOINT WARNING * * *
The giant cockroach barely misses you. The frilled lizard bites you.
* * * LOW HITPOINT WARNING * * *
The giant cockroach barely misses you. The kobold hits you with a +0 whip.
You die...

......# ##.....#
#...... #.....
#....# #....# #....#
#####.@K.#
.......lB.#
#.......b.##########
#.####.#.....K.....#
. #.#.#########.#
#.#......K....#
#...........####
#.#.#####......#
............###


You could see a giant cockroach, a bat, a kobold and a frilled lizard.

Vanquished Creatures
  A dart slug (D:2)
  An orc (D:3)
  2 ball pythons
  2 endoplasms (D:2)
  2 goblins
  A hobgoblin (D:1)
  4 jackals (D:3)
  2 frilled lizards (D:1)
  6 rats
21 creatures vanquished.

Notes
Turn   | Place    | Note
-------+----------+-------------------------------------------
     0 | D:1      | EnegeticOcto the Djinni Earth Elementalist began the quest
                  | for the Orb.
     0 | D:1      | Reached XP level 1. HP: 15/15 MP: 0/0
    78 | D:1      | Reached XP level 2. HP: 20/21 MP: 0/0
   160 | D:3      | Reached skill level 3 in Spellcasting
   170 | D:3      | Reached XP level 3. HP: 9/25 MP: 0/0
   170 | D:3      | Learned a level 1 spell: Shock
   275 | D:2      | Found a faded altar of an unknown god.
   282 | D:2      | Became a worshipper of Zin the Law-Giver
   282 | D:2      | Reached * piety under Zin
   350 | D:2      | Slain by a kobold

Illustrated notes

Levels and vault maps discovered:
D:1:      shiori_arrival_maze, layout_basic, serial_shops, shop_fountains,
          st_stairs_8
D:2:      layout_basic, hellmonk_ecumenical_altar_slurped_away,
          minmay_increasing_density, uniq_robin
D:3:      layout_basic, lemuel_tele_altar, gammafunk_ghost_arena

Skill      XL: |  1  2 |
---------------+-------+-----
Spellcasting   | 3 |  3.2
Dodging        | |  2.1
Stealth        | |  1.5

Action                   || total
-------------------------++-------
 Cast: Sandblast         ||    30
       Passwall          ||     2
  Use: Potion            ||     1
       Scroll            ||     1
Armor: Robe              ||     2
Dodge: Dodged            ||    12

Table legend: (Time is in decaauts)
 A = Elapsed time spent in this place.
 B = Non-inter-level travel time spent in this place.
 C = Inter-level travel time spent in this place.
 D = Time resting spent in this place.
 E = Time spent auto-exploring this place.
 F = Levels seen in this place.
 G = Mean time per level.
                   A        B        C        D        E       F      G
               +--------+--------+--------+--------+--------+-----+--------+
         Total |    351 |    340 |     11 |      0 |      0 |   3 |  117.0 |
       Dungeon |    351 |    340 |     11 |      0 |      0 |   3 |  117.0 |
               +--------+--------+--------+--------+--------+-----+--------+

Top non-repeatable levels by time:
     D:2: 221 daAuts
     D:1: 100 daAuts
     D:3: 28 daAuts
